 Dungeon Crawl Stone Soup version 0.30.2 (webtiles) character file.

Game seed: 8789013583540401608

55 porpoise the Shooter (level 3, -1/31 HPs)
             Began as a Minotaur Hunter on Mar 5, 2024.
             Slain by Ijyb
             ... wielding a +0 club
              (5 damage)
             ... on level 2 of the Dungeon.
             The game lasted 00:02:24 (1098 turns).

porpoise the Shooter (Minotaur Hunter)              Turns: 1098, Time: 00:02:24

Health: -1/31      AC:  4    Str: 15    XL:     3   Next: 67%
Magic:  2/2        EV: 12    Int:  6    God:
Gold:   61         SH:  0    Dex: 15    Spells: 2/2 levels left

rFire   . . .        a - +0 shortbow
rCold   . . .        (shield currently unavailable)
rNeg    . . .        c - +0 leather armour
rPois   .            (helmet restricted)
rElec   .            (no cloak)
rCorr   .            (no gloves)
SInv    .            d - +0 pair of boots
Will    .....        (no amulet)
Stlth   +            (no ring)
HPRegen 0.25/turn    (no ring)
MPRegen 0.08/turn

%: no passive effects
@: no status effects
A: horns 2, retaliatory headbutt
a: no special abilities


You were on level 2 of the Dungeon.
You visited 1 branch of the dungeon, and saw 2 of its levels.

You collected 61 gold pieces.

Inventory:

Hand Weapons
 a - a +0 shortbow (weapon)
Missiles
 j - 3 poisoned darts
 k - 6 boomerangs of dispersal
Armour
 c - a +0 leather armour (worn)
 d - a +0 pair of boots (worn)
Jewellery
 e - a ring of fire
Scrolls
 b - a scroll of immolation
 h - a scroll of teleportation {unknown}
 l - a scroll of fog {unknown}
 m - a scroll of amnesia {unknown}
Potions
 f - a potion of attraction
 g - a potion of curing
 i - a potion of lignification


   Skills:
 + Level 3.2 Fighting
 * Level 5.2 Ranged Weapons
 + Level 1.8 Armour
 - Level 2.1 Dodging
 - Level 0.7 Stealth


You had 2 spell levels left.
You didn't know any spells.
Your spell library contained the following spells:

 Spells                   Type           Power      Damage    Failure   Level
 Apportation              Tloc           0%         N/A       52%         1
 Necrotise                Necr           0%         1d4       52%         1
 Summon Small Mammal      Summ           0%         N/A       52%         1
 Portal Projectile        Hex/Tloc       0%         N/A       88%         3
 Tukima's Dance           Hex            0%         N/A       88%         3
 Blade Hands              Tmut           0%         N/A       100%        5


Dungeon Overview and Level Annotations

Branches:
Dungeon (2/15)

Altars:

Annotations:
D:2 Ijyb


Innate Abilities, Weirdness & Mutations

You have a pair of horns on your head.
You reflexively headbutt those who attack you in melee.


Message History

Your +0 leather armour melds into your body.
You hear a shout!
You see here 4 stones.
There is an open door here.
Your transformation is almost over.
Ijyb drinks a potion.
Ijyb seems to speed up.
Found 14 gold pieces.
You feel less batty.
Your +0 shortbow unmelds from your body.
Your +0 pair of boots unmelds from your body.
Your +0 leather armour unmelds from your body.
Ijyb zaps a wand.
You resist with significant effort.
Ijyb screams, "Get away!"
Ijyb zaps a wand.
You resist with significant effort.
Ijyb zaps a wand.
You resist with significant effort.
The now-empty wand crumbles to dust.
You shoot an arrow. The arrow hits Ijyb but does no damage.
Ijyb hits you with a +0 club.
You shoot an arrow. The arrow hits Ijyb!
Ijyb is heavily wounded.
Ijyb hits you with a +0 club. Ijyb closely misses you.
You shoot an arrow. The arrow barely misses Ijyb.
The arrow misses the goblin.
Ijyb misses you. Ijyb hits you with a +0 club.
You shoot an arrow. The arrow closely misses Ijyb.
The arrow hits the goblin.
You kill the goblin!
Ijyb misses you. Ijyb hits you with a +0 club.
You shoot an arrow. The arrow hits Ijyb.
Ijyb is severely wounded.
Ijyb barely misses you. Ijyb hits you with a +0 club.
You shoot an arrow. The arrow completely misses Ijyb.
Ijyb hits you with a +0 club.
You shoot an arrow. The arrow hits Ijyb but does no damage.
Ijyb is severely wounded.
Ijyb barely misses you. Ijyb hits you with a +0 club.
You shoot an arrow. The arrow closely misses Ijyb.
Ijyb barely misses you. Ijyb hits you with a +0 club.
* * * LOW HITPOINT WARNING * * *
You shoot an arrow. The arrow hits Ijyb but does no damage.
Ijyb is severely wounded.
Ijyb hits you with a +0 club.
You die...

$.# #....# #.# #....+ #.# #....#
#.# #....# #.# #....# #.# #.#
#....+ #.# #.######....##### #.#
#...)g@.........#
#.#.#..####.....###.# ###
#.#.#..####.....# #.# ~.# ...
#.#.............###.# ~♣.~# ##~#
#.###..###......#...# ~..~≈ ~#~#
#......# #[.....#...# .~.♣~ ...#
#####g## #....).#...# ~....
~..##### #.# #......###'#+.~..#
~.≈....####'####...g........♣~≈~~


You could see Ijyb (fast).

Vanquished Creatures
  2 adders (D:2)
  A dart slug (D:1)
  6 ball pythons
  2 endoplasms (D:1)
  A giant cockroach (D:1)
  5 goblins
  3 hobgoblins
  3 jackals (D:1)
  4 kobolds
  A quokka (D:1)
  A frilled lizard (D:2)
  4 rats (D:1)
33 creatures vanquished.

Notes
Turn   | Place    | Note
-------+----------+-------------------------------------------
     0 | D:1      | porpoise the Minotaur Hunter began the quest for the Orb.
     0 | D:1      | Reached XP level 1. HP: 18/18 MP: 0/0
   171 | D:1      | Reached XP level 2. HP: 25/25 MP: 1/1
   284 | D:1      | Reached skill level 1 in Armour
   767 | D:1      | Reached skill level 5 in Ranged Weapons
   822 | D:2      | Reached XP level 3. HP: 31/31 MP: 2/2
  1035 | D:2      | Noticed Ijyb
  1098 | D:2      | Slain by Ijyb

Illustrated notes

Levels and vault maps discovered:
D:1:      lordsloth_arrival_two_stooges, layout_basic,
          chequers_serial_rivers_small_b
D:2:      kennysheep_the_goblin_king, layout_basic, serial_rivers,
          chequers_serial_rivers_marsh, chequers_serial_rivers_micro_b,
          chequers_serial_rivers_room_b, chequers_serial_rivers_marsh

Skill      XL: |  1  2 |
---------------+-------+-----
Armour         | 1 |  1.8
Fighting       | 3 |  3.2
Ranged Weapons | 5 |  5.2
Dodging        | |  2.1
Stealth        | |  0.7

Action                     || total
---------------------------++-------
   Fire: Shortbow          ||    86
    Use: Scroll            ||     3
 Armour: Leather armour    ||     3
  Dodge: Dodged            ||    12
